 Dungeon Crawl Stone Soup version 0.16.0-18-g484a79e (webtiles) character file.

245 Gorice the Slasher (level 5, -6/32 HPs)
             Began as a Deep Elf Fighter on Mar 22, 2015.
             Mangled by an ogre
             ... wielding a +0 giant club
              (23 damage)
             ... on level 4 of the Dungeon.
             The game lasted 00:38:53 (4272 turns).

Gorice the Slasher (Deep Elf Fighter)               Turns: 4272, Time: 00:38:54

Health: -6/32      AC:  8    Str: 14    XL:     5   Next: 83%
Magic:  12/12      EV:  6    Int: 13    God:
Gold:   218        SH:  8    Dex: 14    Spells: 0 memorised, 4 levels left

rFire  . . .     SeeInvis .     a - +0 long sword
rCold  . . .     Clarity  .     l - +0 scale mail
rNeg   . . .     SustAb   .     c - +0 shield
rPois  .         Gourm    .     s - +1 helmet
rElec  .         Spirit   .     (no cloak)
rCorr  .         Warding  .     (no gloves)
rMut   .         Stasis   .     (no boots)
MR     .....                    q - amulet of rage
Stlth  ..........               (no ring)
                                f - ring of loudness (curse)

@: not resistant to hostile enchantments, extremely unstealthy
A: no striking features
a: Evoke Berserk Rage


You were on level 4 of the Dungeon.
You were not hungry.

You visited 1 branch of the dungeon, and saw 4 of its levels.

You collected 218 gold pieces.

Inventory:

Hand weapons
 a - a +0 long sword (weapon)
 b - a +0 hunting sling
Missiles
 g - 50 arrows
 j - 4 tomahawks
 k - 21 sling bullets
 n - 18 poisoned needles
 Z - 92 stones (quivered)
Armour
 c - a +0 shield (worn)
 l - a +0 scale mail (worn)
 s - a +1 helmet (worn)
Jewellery
 f - a cursed ring of loudness (left hand)
 q - an amulet of rage (around neck)
Scrolls
 o - 3 scrolls of teleportation {!r}
Potions
 e - a potion of might {!q}
 h - a potion of lignification {!q}
 i - 3 potions of curing {unknown}
 p - a potion of brilliance {unknown}
Books
 u - a book of the Sky
Comestibles
 d - 3 bread rations {!e}
 r - 2 beef jerkies
 t - a meat ration {!e}


   Skills:
 - Level 3.0 Fighting
 * Level 4.6 Long Blades
 - Level 2.4 Armour
 - Level 2.4 Shields
 + Level 2.8 Evocations


You had 4 spell levels left.
You didn't know any spells.

Dungeon Overview and Level Annotations

Branches:
Dungeon (4/15)
 Temple: D:4-7

Altars:
Sif Muna
Trog
Xom
Zin
The Shining One

Annotations:
D:4 Dowan, Duvessa


Message History

Use which ability? (? or * to list)
Okay, then.
You hit the rat.
You kill the rat!
You see here a rat corpse.
You butcher the rat corpse.
You see here a chunk of flesh.
b - a +0 hunting sling (weapon)
The ogre shouts!
Firing (i - inventory. (,) - cycle):
k - 26 sling bullets (quivered)
Press: ? - help, Shift-Dir - straight line, f - ogre
Aim: an ogre, wielding a giant club You shoot a sling bullet.
The sling bullet hits the ogre but does no damage.
Firing (i - inventory. (,) - cycle):
k - 25 sling bullets (quivered)
Press: ? - help, Shift-Dir - straight line, f/p - ogre
Aim: an ogre, wielding a giant club You shoot a sling bullet.
The sling bullet hits the ogre.
The ogre is lightly wounded.
Firing (i - inventory. (,) - cycle):
k - 24 sling bullets (quivered)
Press: ? - help, Shift-Dir - straight line, f/p - ogre
Aim: an ogre, wielding a giant club You shoot a sling bullet.
The sling bullet hits the ogre.
The ogre is lightly wounded.
A rat comes into view.
Firing (i - inventory. (,) - cycle):
k - 23 sling bullets (quivered)
Press: ? - help, Shift-Dir - straight line, f/p - ogre
Aim: an ogre, wielding a giant club (lightly wounded)
You shoot a sling bullet.
The sling bullet barely misses the ogre.
Firing (i - inventory. (,) - cycle):
k - 22 sling bullets (quivered)
Press: ? - help, Shift-Dir - straight line, f/p - ogre
Aim: an ogre, wielding a giant club (lightly wounded)
You shoot a sling bullet. The sling bullet hits the ogre.
The ogre is moderately wounded.
a - a +0 long sword (weapon)
You block the ogre's attack.
Use which ability? (? or * to list)
You can't do that.
Use which ability? (? or * to list)
You fail to use your ability.
The ogre barely misses you.
Use which ability? (? or * to list)
You fail to use your ability.
The ogre hits you with a giant club!
You take 15 damage.
Use which ability? (? or * to list)
You fail to use your ability.
The ogre hits you with a giant club!!
Ouch! That really hurt!
You die...

.##########.#####(.#.#....#..
'#### #.# #(#(#.####.#####
....# ##'#### .((..#<.#......
....#### #.....# #(.#
#e.#..#.# .......#
#.....####%.# #..#....##
.......#
#...........####.#e.....
.......# #.......r....#
#e#.##### .......#
#...###O###..# #)#.....#
##.##### #...# #@#
.$..#.#e#.### #.#
##...###'###....#.#.#... #.#
#......)_###....#...####. #..
#.#..###'###..#.###.# #
#.#..# #.# .##. #.#
#.#..###.###. #.#
#.#.......O. #.# #.........#.
#.# #.........# ...


You could see an ogre and a rat.

Vanquished Creatures
  The ghost of Rayvis the Chopper, a weakling MiFi (D:4)
  An orc wizard (D:3)
  An iguana (D:4)
  5 adders
  A giant mite (D:4)
  A worm (D:3)
  2 giant geckos
  An ooze (D:3)
  4 orcs (D:3)
  13 bats
  5 giant cockroaches
  11 goblins
  12 hobgoblins
  3 quokkas
  A ball python (D:1)
  2 giant newts (D:2)
  12 kobolds
  12 rats
88 creatures vanquished.

Notes
Turn   | Place    | Note
--------------------------------------------------------------
     0 | D:1      | Gorice, the Deep Elf Fighter, began the quest for the Orb.
     0 | D:1      | Reached XP level 1. HP: 13/13 MP: 2/2
   291 | D:1      | Reached skill level 2 in Long Blades
   372 | D:1      | Reached XP level 2. HP: 12/18 MP: 4/4
   425 | D:1      | HP: 5/18 [hobgoblin/whip (1)]
   476 | D:1      | HP: 3/18 [hobgoblin/whip (5)]
  1074 | D:1      | Reached XP level 3. HP: 22/22 MP: 6/6
  1530 | D:2      | Reached skill level 3 in Long Blades
  1535 | D:2      | HP: 6/22 [poisoned by an adder]
  1970 | D:2      | Reached skill level 3 in Fighting
  2234 | D:2      | Reached XP level 4. HP: 28/28 MP: 8/8
  2487 | D:2      | Reached skill level 1 in Evocations
  2616 | D:3      | Found a glowing silver altar of Zin.
  2616 | D:3      | Found a deep blue altar of Sif Muna.
  2616 | D:3      | Found a shimmering altar of Xom.
  2778 | D:3      | Found a glowing golden altar of the Shining One.
  2933 | D:3      | Reached skill level 4 in Long Blades
  2933 | D:3      | Reached XP level 5. HP: 19/32 MP: 9/11
  3107 | D:3      | Reached skill level 2 in Evocations
  3831 | D:4      | Noticed Rayvis' ghost (weakling MiFi)
  3974 | D:4      | Noticed Duvessa
  3974 | D:4      | Noticed Dowan
  3996 | D:4      | Noticed an ogre
  4001 | D:4      | Found a bloodstained altar of Trog.
  4196 | D:4      | Killed Rayvis' ghost
  4272 | D:4      | Mangled by an ogre

Action                   |  1- 3 |  4- 6 || total
-------------------------+-------+-------++-------
Melee: Long sword        |   121 |   124 ||   245
 Fire: Hunting sling     |    53 |    48 ||   101
Throw: Stone             |    17 |       ||    17
 Abil: Evoke Berserk Rag |     3 |     3 ||     6
  Use: Scroll            |     5 |     6 ||    11
       Potion            |     1 |       ||     1
  Eat: Chunk             |     6 |     8 ||    14
       Beef jerky        |       |     1 ||     1

Table legend:
 A = Turns spent in this place as a percentage of turns spent in the entire game.
 B = Non-inter-level travel turns spent in this place as a percentage of non-inter-level travel turns spent in the entire game.
 C = Inter-level travel turns spent in this place as a percentage of turns spent in this place.
 D = Turns resting spent in this place as a percentage of non-inter-level travel turns spent in this place.
 E = Turns spent auto-exploring this place as a percentage of non-inter-level travel turns spent in this place.
 F = Non-inter-level travel turns spent in this place divided by the number of levels of this place that you've seen.
                   A       B       C       D       E      F
               +-------+-------+-------+-------+-------+----------------------
         Total | 100.0 | 100.0 |   0.4 |   2.4 |   4.3 | 415.8
       Dungeon | 100.0 | 100.0 |   0.4 |   2.4 |   4.3 | 415.8
               +-------+-------+-------+-------+-------+----------------------

Vault maps used:
D:1:      dpeg_arrival_three_same_balls, minmay_hedge_maze, roderic_lattice_a
D:3:      wad_river_or_something, nicolae_overflow_hidden_temple,
          gammafunk_temple_overflow_forgotten
D:4:      lemuel_doored_altar, uniq_duvessa
